 Dungeon Sprint DCSS version 0.26-a0-661-g406de6ba63 (webtiles) character file.

Game seed: 1358633188302453400

81 TerrariaFan the Insei (level 4, -8/22 HPs)
             Began as a Vine Stalker Transmuter on Oct 8, 2020.
             Was a Priest of Sif Muna.
             Mangled by a gnoll
             ... wielding a +0 halberd
              (11 damage)
             ... in the Dungeon (Sprint VII: "The Pits").
             The game lasted 00:00:58 (673 turns).

TerrariaFan the Insei (Vine Stalker Transmuter)      Turns: 673, Time: 00:00:59

Health: -8/22      AC:  2    Str: 13    XL:     4   Next: 42%
Magic:  0/11       EV: 13    Int: 14    God:    Sif Muna [***...]
Gold:   0          SH:  0    Dex: 14    Spells: 10/11 levels left

rFire    . . .     SeeInvis .   k - +2 quarterstaff
rCold    . . .     Faith    .   (shield currently unavailable)
rNeg     . . .     Spirit   +   a - +0 robe
rPois    .         Reflect  .   (no helmet)
rElec    .         Harm     .   (no cloak)
rCorr    .         Rampage  .   (no gloves)
MR       .....     NoTele   +   (no boots)
Stlth    ++........             (no amulet)
HPRegen  0.47/turn              (no ring)
MPRegen  0.12/turn              (no ring)

@: berserk cooldown, slowed, very slow
A: fangs 2, regeneration 1, magic shield, antimagic bite, no potion heal 3, rot
immunity
a: Channel Magic, Forget Spell, Renounce Religion


You were in the Dungeon.
You worshipped Sif Muna.
Sif Muna was most pleased with you.
You visited 1 branch

Inventory:

Hand Weapons
 k - a +2 quarterstaff (weapon)
Armour
 a - a +0 robe (worn)
Scrolls
 g - a scroll of blinking
 h - 3 scrolls of remove curse
 i - 5 scrolls of amnesia
 j - a scroll of summoning
Potions
 b - 2 potions of invisibility
 c - a potion of curing
 d - a potion of haste
 e - 4 potions of magic
 f - 2 potions of berserk rage


   Skills:
 + Level 1.5 Fighting
 + Level 2.8 Staves
 + Level 2.7 Dodging
 + Level 0.7 Stealth
 + Level 5.9 Unarmed Combat
 + Level 4.0 Spellcasting
 + Level 3.3 Transmutations


You had 10 spell levels left.
You knew the following spells:

 Your Spells              Type           Power        Failure   Level
a - Beastly Appendage     Tmut           ##....       4%          1

Your spell library contained the following spells:

 Spells                   Type           Power        Failure   Level
 Wereblood                Tmut           ##......     8%          2
 Spider Form              Tmut/Pois      #.........   28%         3
 Ice Form                 Ice/Tmut       #.......     67%         4
 Blade Hands              Tmut           ##........   80%         5


Dungeon Overview and Level Annotations

Branches:
Dungeon (1/1)

Altars:
Ashenzari
Cheibriados
Dithmenos
Elyvilon
Fedhas
Gozag
Hepliaklqana
Kikubaaqudgha
Makhleb
Nemelex Xobeh
Okawaru
Qazlal
Ru
Sif Muna
Trog
Uskayaw
Vehumet
Wu Jian
Xom
Yredelemnul
Zin
The Shining One
Beogh
Jiyva
Lugonu


Innate Abilities, Weirdness & Mutations

You have extremely sharp teeth.
Your natural rate of healing is unusually fast.
When hurt, damage is shared between your health and your magic reserves.
Your bite disrupts and absorbs the magic of your enemies.
Potions cannot restore your health.
You are immune to rotting.


Message History

The gnoll closely misses you. The jackal bites you.
* * * LOW HITPOINT WARNING * * *
There is an open door here.
Items here: )) ÷÷ †.
You hit the orc. You bite the orc. You drain its power.
You feel invigorated.
The orc is almost dead.
The jackal barely misses you. The orc closely misses you.
The gnoll closely misses you. The jackal barely misses you.
You barely miss the orc.
The orc is almost dead.
The jackal misses you. The orc barely misses you. The gnoll barely misses you.
The jackal barely misses you. The orc hits you but does no damage.
The gnoll hits you with a +0 halberd!
* * * LOW HITPOINT WARNING * * *
The jackal bites you.
Okay, then.
The jackal barely misses you.
The gnoll hits you from afar with a +0 halberd!
Ouch! That really hurt!
You die...

#.?(.')))'.##......#..#.
##########.##...........
#...........)...........
#+#####†#####......#..#.
#h #...'.##...........
#..#...#.#####'#####++
#..#####.##.......#
#..'..g#h##.......#
#..'...o@##.......#
#..########...<...# #.
#.......# # #.......#
#.......# #########


You could see a gnoll, an orc and a jackal.

Vanquished Creatures
  2 orc priests (D)
  A gnoll (D)
  An orc (D)
  A goblin (D)
  5 jackals (D)
  2 frilled lizards (D)
  A kobold (D)
13 creatures vanquished.

Notes
Turn   | Place    | Note
-------+----------+-------------------------------------------
     0 | D        | TerrariaFan the Vine Stalker Transmuter began the quest for
                  | the Orb.
     0 | D        | Reached XP level 1. HP: 9/9 MP: 4/4
    17 | D        | Reached skill level 4 in Unarmed Combat
    17 | D        | Reached XP level 2. HP: 14/14 MP: 4/6
   279 | D        | Found a bloodstained altar of Trog.
   279 | D        | Found a shimmering blue altar of Sif Muna.
   279 | D        | Found a viscous altar of Jiyva.
   279 | D        | Found a hazy altar of Hepliaklqana.
   279 | D        | Found an opulent altar of Gozag.
   304 | D        | Found a glowing golden altar of the Shining One.
   304 | D        | Found a glowing silver altar of Zin.
   304 | D        | Found a basalt altar of Yredelemnul.
   304 | D        | Found a shimmering altar of Xom.
   304 | D        | Found an ornate altar of the Wu Jian Council.
   304 | D        | Found a sacrificial altar of Ru.
   304 | D        | Found a stormy altar of Qazlal.
   304 | D        | Found an iron altar of Okawaru.
   304 | D        | Found a sparkling altar of Nemelex Xobeh.
   304 | D        | Found a burning altar of Makhleb.
   304 | D        | Found a blossoming altar of Fedhas.
   304 | D        | Found a white marble altar of Elyvilon.
   304 | D        | Found a shadowy altar of Dithmenos.
   304 | D        | Found a snail-covered altar of Cheibriados.
   306 | D        | Found a radiant altar of Vehumet.
   306 | D        | Found a corrupted altar of Lugonu.
   306 | D        | Found a roughly hewn altar of Beogh.
   308 | D        | Found an ancient bone altar of Kikubaaqudgha.
   308 | D        | Found a hide-covered altar of Uskayaw.
   308 | D        | Found a broken altar of Ashenzari.
   311 | D        | Became a worshipper of Sif Muna the Loreminder
   325 | D        | Reached * piety under Sif Muna
   325 | D        | Reached skill level 1 in Staves
   380 | D        | Reached ** piety under Sif Muna
   662 | D        | Reached skill level 1 in Fighting
   662 | D        | Reached skill level 5 in Unarmed Combat
   662 | D        | Reached XP level 3. HP: 7/18 MP: 5/9
   668 | D        | Reached *** piety under Sif Muna
   668 | D        | Gained mutation: Your natural rate of healing is unusually
                  | fast. [Vine Stalker growth]
   668 | D        | Reached XP level 4. HP: 8/22 MP: 6/11
   673 | D        | Mangled by a gnoll

Illustrated notes

Levels and vault maps discovered:
D:        pitsprint [storerooms_1, entrance_room_1, metal_vault_4, armoury_2,
          mini_pit_1, grid_room_1, main_hall_1, silver_pit, the_coven_3,
          the_vestibule_1, steel_vault_2, golden_pit, hallway_of_sentries,
          crystal_vault_3, iron_vault_2, final_vault]

Skill      XL: |  1  2  3 |
---------------+----------+-----
Dodging        | 2 |  2.7
Unarmed Combat | 4 5 |  5.9
Staves         | 1 2 |  2.8
Spellcasting   | 3 4 |  4.0
Fighting       | 1 |  1.5
Transmutations | 3 |  3.3
Stealth        | |  0.7

Action                   |  1- 3 |  4- 6 || total
-------------------------+-------+-------++-------
Melee: Unarmed           |     3 |       ||     3
       Bite              |     4 |     1 ||     5
       Kick              |     2 |       ||     2
       Headbutt          |     1 |       ||     1
       Quarterstaff      |    18 |     3 ||    21
 Cast: Beastly Appendage |     3 |       ||     3
  Use: Potion            |     1 |       ||     1
Armor: Robe              |     2 |     1 ||     3
Dodge: Dodged            |    13 |    15 ||    28

Table legend: (Time is in decaauts)
 A = Elapsed time spent in this place.
 B = Non-inter-level travel time spent in this place.
 C = Inter-level travel time spent in this place.
 D = Time resting spent in this place.
 E = Time spent auto-exploring this place.
 F = Levels seen in this place.
 G = Mean time per level.
                   A        B        C        D        E       F      G
               +--------+--------+--------+--------+--------+-----+--------+
         Total |    674 |    666 |      8 |    559 |      0 |   1 |  674.0 |
       Dungeon |    674 |    666 |      8 |    559 |      0 |   1 |  674.0 |
               +--------+--------+--------+--------+--------+-----+--------+

Top non-repeatable levels by time:
       D: 674 daAuts
